 Dungeon Crawl Stone Soup version 0.18.1-50-g88ac8fd (webtiles) character file.

422 Gorglomux the Grave Robber (level 6, -36/41 HPs)
             Began as a Mummy Necromancer on Oct 29, 2016.
             Killed from afar by a hobgoblin (60 damage)
             ... with an exploding inner flame
             ... led by Robin
             ... hexed by the player character
             ... on level 4 of the Dungeon.
             The game lasted 00:15:45 (4500 turns).

Gorglomux the Grave Robber (Mummy Necromancer)      Turns: 4500, Time: 00:15:46

Health: -36/41     AC:  7    Str: 11    XL:     6   Next: 63%
Magic:  1/12       EV: 12    Int: 17    God:
Gold:   78         SH:  0    Dex: 12    Spells: 4 memorised, 4 levels left

rFire  x . .     SeeInvis .     j - +2 short sword (venom)
rCold  + . .     Gourm    .     a - +1 robe
rNeg   + + +     Faith    .     (no shield)
rPois  ∞         Spirit   .     (no helmet)
rElec  .         Dismiss  .     (no cloak)
rCorr  .         Reflect  .     (no gloves)
SustAt .         Harm     .     (no boots)
MR     .....                    (no amulet)
Stlth  ++........               (no ring)
                                h - +4 ring of protection

@: not resistant to hostile enchantments, unstealthy
A: no food or potions, fire vulnerability, cold resistance 1, negative energy
resistance 3, torment resistance, unbreathing
a: no special abilities


You were on level 4 of the Dungeon.
You were not hungry.

You visited 1 branch of the dungeon, and saw 4 of its levels.

You collected 78 gold pieces.

Inventory:

Hand Weapons
 c - a +0 dagger
 j - a +2 short sword of venom (weapon)
Armour
 a - a +1 robe (worn)
Jewellery
 h - a +4 ring of protection (left hand)
Scrolls
 d - 4 scrolls of identify
 e - 3 scrolls of amnesia
 i - 2 scrolls of fog
Books
 b - a book of Necromancy

   Spells                             Type                      Level
   a - Pain                           Necromancy                   1
   b - Animate Skeleton               Necromancy                   1
   c - Vampiric Draining              Necromancy                   3
   d - Regeneration                   Charms/Necromancy            3
   e - Animate Dead                   Necromancy                   4
   f - Control Undead                 Necromancy                   4


   Skills:
 - Level 1.5 Dodging
 - Level 1.5 Stealth
 + Level 4.0 Spellcasting
 * Level 7.0 Necromancy


You had 4 spell levels left.
You knew the following spells:

 Your Spells              Type           Power        Failure   Level  Hunger
a - Pain                  Necr           ####         1%          1    N/A
b - Animate Skeleton      Necr           N/A          1%          1    N/A
c - Vampiric Draining     Necr           ####......   2%          3    N/A
d - Animate Dead          Necr           N/A          10%         4    N/A

Dungeon Overview and Level Annotations

Branches:
Dungeon (4/15)
 Temple: D:4-7

Altars:
Ashenzari
Dithmenos
Fedhas
Makhleb
Qazlal
The Shining One

Annotations:
D:3 Gorglomux's ghost, amateur CeHu


Innate Abilities, Weirdness & Mutations

You do not eat or drink.
Your flesh is vulnerable to fire.
You are immune to poison.
Your flesh is cold resistant.
You are immune to negative energy.
You are immune to unholy pain and torment.
You can survive without breathing.


Message History

It is a scroll of enchant armour.
Enchant which item? (? for menu, Esc to quit)
Your +0 robe glows green for a moment.
The hobgoblin barely misses you. Robin barely misses you.
Read which item? (? for menu, Esc to quit)
You can't read that!
Casting: Pain
Confirm with . or Enter, or press ? or * to list all spells.
Aiming: Vampiric Draining
Press: ? - help, Shift-Dir - straight line, f - hobgoblin
Aim: a hobgoblin (blue smoke, unusually strong, inner flame)
The hobgoblin explodes!
The fiery explosion engulfs Robin.
Robin explodes!
Your Necromancy skill increases to level 7!
You feel a bit more experienced.
Your Spellcasting skill increases to level 4!
The fiery explosion engulfs you! The fire burns you terribly!
Ouch! That really hurt!
You die...

#.#...... #.#......
#.#####.# #.#.....#
##.#.###.# #....# #.# #Z...#
#.# ################ #....#
#.# #...g.O.§§§§§@§# #....#
#.####################.#.#
#.# #.....Z.........)Z.#.#
#g# #.######......######.#
#.# #Z# #......# .# #O# #.#
#......# #g#
#.######......#### #)#
#.................
##.##########......######.##


There were no monsters in sight!

Vanquished Creatures
  An ogre (D:4)
  A centaur skeleton (D:3)
  2 orc wizards (D:4)
  An iguana (D:4)
  2 worker ants (D:4)
  A hound skeleton (D:4)
  Robin (D:4)
  9 adders
  An ooze (D:2)
  2 worms
  2 dart slugs
  4 giant geckos
  4 orcs
  4 giant cockroaches
  6 goblins
  4 hobgoblins
  8 kobolds
  13 bats
  3 giant newts
  6 rats
75 creatures vanquished.

Vanquished Creatures (collateral kills)
  An ooze (D:1)
  A goblin (D:3)
  A giant newt (D:1)
  2 rats
5 creatures vanquished.

Grand Total: 80 creatures vanquished

Notes
Turn   | Place    | Note
--------------------------------------------------------------
     0 | D:1      | Gorglomux the Mummy Necromancer began the quest for the Orb.
     0 | D:1      | Reached XP level 1. HP: 13/13 MP: 3/3
     2 | D:1      | Learned a level 1 spell: Animate Skeleton
   174 | D:1      | Reached XP level 2. HP: 13/19 MP: 0/5
   731 | D:1      | Found a glowing golden altar of the Shining One.
   910 | D:2      | Reached XP level 3. HP: 10/24 MP: 0/6
   973 | D:2      | Learned a level 3 spell: Vampiric Draining
  1207 | D:2      | Reached skill level 5 in Necromancy
  1231 | D:2      | Found a blossoming altar of Fedhas.
  1813 | D:2      | Reached XP level 4. HP: 23/30 MP: 0/7
  2083 | D:3      | Noticed Gorglomux's ghost (amateur CeHu)
  2423 | D:3      | Learned a level 4 spell: Animate Dead
  2474 | D:3      | Reached XP level 5. HP: 35/35 MP: 6/9
  2744 | D:3      | Found a shattered altar of Ashenzari.
  3047 | D:3      | Found a shadowy altar of Dithmenos.
  3234 | D:3      | Reached skill level 6 in Necromancy
  3334 | D:3      | Found a burning altar of Makhleb.
  3336 | D:3      | Noticed an Executioner
  3749 | D:4      | Noticed Eustachio
  3787 | D:4      | Found a stormy altar of Qazlal.
  3995 | D:4      | Noticed Edmund
  4302 | D:4      | Reached XP level 6. HP: 27/41 MP: 3/11
  4451 | D:4      | Noticed Robin
  4500 | D:4      | Killed Robin
  4500 | D:4      | Reached skill level 7 in Necromancy
  4500 | D:4      | Killed from afar by a hobgoblin

Skill      XL: |  1  2  3  4  5  6 |
---------------+-------------------+-----
Necromancy     | 5 6 7 |  7.0
Spellcasting   | 3 4 |  4.0
Dodging        | |  1.5
Stealth        | |  1.5

Action                   |  1- 3 |  4- 6 || total
-------------------------+-------+-------++-------
Melee: Unarmed           |    11 |       ||    11
       Dagger            |    91 |    77 ||   168
       Short sword       |       |    18 ||    18
 Cast: Pain              |    47 |    72 ||   119
       Animate Skeleton  |    10 |     2 ||    12
       Vampiric Draining |     3 |    13 ||    16
       Animate Dead      |       |     9 ||     9
  Use: Scroll            |       |     4 ||     4
Armor: Robe              |    25 |    51 ||    76
Dodge: Dodged            |    85 |   111 ||   196
